 Dungeon Crawl Stone Soup version 0.28-a0-476-g0f06bd746f (webtiles) character file.

Game seed: 9846864619091329203

234 siradein the Skirmisher (level 6, 0/53 HPs)
             Began as a Ghoul Fighter on Sept 17, 2021.
             Blown up by Ijyb (29 damage)
             ... with a mindburst bolt
             ... on level 3 of the Dungeon.
             The game lasted 00:10:24 (2663 turns).

siradein the Skirmisher (Ghoul Fighter)             Turns: 2663, Time: 00:10:24

Health: 0/53       AC: 10    Str: 21    XL:     6   Next: 5%
Magic:  5/5        EV:  7    Int:  3    God:
Gold:   64         SH:  4    Dex:  9    Spells: 5/5 levels left

rFire   . . .      SeeInvis .   a - +0 trident
rCold   + . .      Faith    .   c - +0 buckler
rNeg    + + +      Spirit   .   r - +0 chain mail
rPois   ∞          Reflect  .   s - +0 helmet
rElec   .          Harm     .   (no cloak)
rCorr   .          Rampage  .   (no gloves)
Will    .....                   (no boots)
Stlth   ..........              (no amulet)
HPRegen 0.00/turn               h - ring of flight
MPRegen 0.09/turn               (no ring)

@: flying, inhibited regen
A: claws 1, cold resistance 1, negative energy resistance 3, inhibited
regeneration, torment resistance 2
a: no special abilities


You were on level 3 of the Dungeon.
You visited 1 branch of the dungeon, and saw 3 of its levels.

You collected 64 gold pieces.

Inventory:

Hand Weapons
 a - a +0 trident (weapon)
Missiles
 m - 3 javelins (quivered)
Armour
 c - a +0 buckler (worn)
 r - a +0 chain mail (worn)
 s - a +0 helmet (worn)
Jewellery
 h - a ring of flight (left claw)
Scrolls
 b - a scroll of holy word {unknown}
 i - a scroll of torment {unknown}
 k - 4 scrolls of identify {unknown}
 l - a scroll of enchant armour {unknown}
 q - a scroll of silence {unknown}
Potions
 d - a potion of might
 e - 2 potions of haste {unknown}
 f - a potion of mutation {unknown}
 g - a potion of curing {unknown}
 j - a potion of magic {unknown}
 n - a potion of cancellation {unknown}
 o - a potion of heal wounds {unknown}
 p - 2 potions of invisibility {unknown}
 t - a potion of attraction {unknown}


   Skills:
 + Level 4.5 Fighting
 + Level 3.1 Polearms
 + Level 3.7 Armour
 + Level 3.7 Shields


You had 5 spell levels left.
You didn't know any spells.
Your spell library contained the following spells:

 Spells                   Type           Power      Damage    Failure   Level
 Ignite Poison            Fire/Tmut/Pois 0%         N/A       100%        3
 Mephitic Cloud           Conj/Pois/Air  0%         N/A       100%        3
 Freezing Cloud           Conj/Ice/Air   0%         6-21      100%        5


Dungeon Overview and Level Annotations

Branches:
Dungeon (3/15)

Altars:

Shops:
D:3 =?[

Annotations:
D:3 1 runed translucent door, Crazy Yiuf, Ijyb


Innate Abilities, Weirdness & Mutations

You thrive by killing the living.
You are immune to poison.
You have sharp fingernails.
Your flesh is cold resistant. (rC+)
You are immune to negative energy. (rN+++)
You do not regenerate when monsters are visible.
You are immune to unholy pain and torment.


Message History

You start putting on your armour.
You continue putting on your +0 helmet. x4
You finish putting on your +0 helmet.
Okay, then.
Items here: ( )) †.
Items here: ))) [[ †††.
Items here: ))))))) †.
Items here: ))) [[ †††.
Items here: ( )) †.
A hobgoblin comes into view.
The hobgoblin shouts!
A hobgoblin is nearby!
A hobgoblin is nearby!
A hobgoblin is nearby!
A hobgoblin is nearby!
You closely miss the hobgoblin. The hobgoblin closely misses you.
You puncture the hobgoblin!
You kill the hobgoblin!
No target in view!
No target in view!
No target in view!
Found Teezxaf's Magic Scroll Shoppe.
Found Wetihub's Armour Emporium.
There is an entrance to Teezxaf's Magic Scroll Shoppe here.
There is an open door here.
There is an entrance to Wetihub's Armour Emporium here.
You reach down and open the door.
There is an open door here.
t - a blue potion Ijyb the Twisted Goblin comes into view.
She is wielding a +0 dagger, wearing a +1 scale mail of fire resistance and carrying a wand of mindburst (13).
Ijyb shouts!
Ijyb is nearby!
Ijyb is nearby!
Ijyb is nearby!
Ijyb is nearby!
Ijyb zaps a wand.
Your mind is blasted!
Ijyb zaps a wand.
Your mind is blasted!
You reach to attack!
You barely miss Ijyb. You closely miss Ijyb.
Ijyb zaps a wand.
Your mind is blasted!
Ouch! That really hurt!
You die...

#.# #)#### # ...
.)...###.. #.#
#..#..... ..# #
......#### ....#
.........#######.#.
.#...###..........
.###....#### #g# .#
####....# #@# ##
####.# #.# # #.#
#.# . #.## #.# .
#..# #.##
##.####..######
#............##
##........#'#..##
#.........+∩'...#


You could see Ijyb.

Vanquished Creatures
  Jessica (D:3)
  Terence (D:2)
  Natasha (thrice) (D:2)
  Robin (D:3)
  4 adders (D:2)
  A worm (D:2)
  A dart slug (D:1)
  2 orcs (D:3)
  3 ball pythons
  6 endoplasms
  2 giant cockroaches (D:2)
  10 goblins
  7 hobgoblins
  4 jackals (D:3)
  2 bats
  A frilled lizard (D:1)
  3 kobolds
  4 rats
56 creatures vanquished.

Notes
Turn   | Place    | Note
-------+----------+-------------------------------------------
     0 | D:1      | siradein the Ghoul Fighter began the quest for the Orb.
     0 | D:1      | Reached XP level 1. HP: 19/19 MP: 0/0
   144 | D:1      | Reached XP level 2. HP: 15/26 MP: 1/1
   891 | D:2      | Reached XP level 3. HP: 29/31 MP: 2/2
  1276 | D:2      | Found a faded altar of an unknown god.
  1428 | D:2      | Reached XP level 4. HP: 19/40 MP: 3/3
  1628 | D:2      | Noticed Terence
  1629 | D:2      | Noticed Natasha
  1658 | D:2      | Killed Terence
  1659 | D:2      | Reached skill level 4 in Fighting
  1711 | D:2      | Killed Natasha
  1712 | D:2      | Reached XP level 5. HP: 30/46 MP: 4/4
  1965 | D:2      | Noticed Natasha
  1977 | D:2      | Killed Natasha
  2156 | D:2      | Noticed Natasha
  2169 | D:2      | Killed Natasha
  2399 | D:3      | Found Zohuxt's Jewellery Emporium.
  2432 | D:3      | Found a runed translucent door.
  2433 | D:3      | Noticed Crazy Yiuf
  2509 | D:3      | Noticed Jessica
  2510 | D:3      | Noticed Robin
  2557 | D:3      | Killed Robin
  2567 | D:3      | Killed Jessica
  2568 | D:3      | Reached XP level 6. HP: 43/53 MP: 5/5
  2635 | D:3      | Found Teezxaf's Magic Scroll Shoppe.
  2641 | D:3      | Found Wetihub's Armour Emporium.
  2658 | D:3      | Noticed Ijyb
  2663 | D:3      | Blown up by Ijyb

Illustrated notes

Levels and vault maps discovered:
D:1:      lightli_molten_gateway, layout_basic
D:2:      layout_rooms, shapermc_ecumenical_altar_totnotflames, uniq_terence,
          uniq_natasha
D:3:      layout_rooms, mainiacjoe_overflow_brackets, serial_shops,
          nicolae_shop_crystal, nicolae_shop_behind_doors,
          nicolae_shop_window_shopping, uniq_jessica, uniq_ijyb,
          uniq_crazy_yiuf_cottage, uniq_robin

Skill      XL: |  1  2  3  4  5 |
---------------+----------------+-----
Polearms       | 2 3 |  3.1
Armour         | 3 |  3.7
Shields        | 3 |  3.7
Fighting       | 4 |  4.5

Action                   |  1- 3 |  4- 6 || total
-------------------------+-------+-------++-------
Melee: Trident           |   117 |   136 ||   253
Armor: Scale mail        |    46 |     9 ||    55
       Chain mail        |       |    66 ||    66
Dodge: Dodged            |    38 |    46 ||    84
Block: Buckler           |    16 |    30 ||    46

Table legend: (Time is in decaauts)
 A = Elapsed time spent in this place.
 B = Non-inter-level travel time spent in this place.
 C = Inter-level travel time spent in this place.
 D = Time resting spent in this place.
 E = Time spent auto-exploring this place.
 F = Levels seen in this place.
 G = Mean time per level.
                   A        B        C        D        E       F      G
               +--------+--------+--------+--------+--------+-----+--------+
         Total |   2717 |   2676 |     41 |      0 |   1923 |   3 |  905.7 |
       Dungeon |   2717 |   2676 |     41 |      0 |   1923 |   3 |  905.7 |
               +--------+--------+--------+--------+--------+-----+--------+

Top non-repeatable levels by time:
     D:2: 1507 daAuts
     D:1: 890 daAuts
     D:3: 319 daAuts
